 Dungeon Crawl Stone Soup version 0.30-a0-782-ge64f9170bb (webtiles) character file.

Game seed: 10831022874302000634

3432 vineage the Fighter (level 10, -2/73 HPs)
             Began as a Gargoyle Fighter on Feb 22, 2023.
             Slain by a gnoll sergeant
             ... wielding a +0 spear of distortion
              (6 damage)
             ... on level 6 of the Dungeon.
             The game lasted 00:07:49 (6938 turns).

vineage the Fighter (Gargoyle Fighter)              Turns: 6938, Time: 00:07:50

Health: -2/73      AC: 22    Str: 24    XL:     10   Next: 5%
Magic:  10/10      EV:  7    Int: 15    God:
Gold:   310        SH:  5    Dex: 11    Spells: 9/9 levels left

rFire   . . .      SeeInvis .    u - +4 mace
rCold   . . .      Faith    .    c - +0 buckler
rNeg    + . .      Spirit   .    s - +0 chain mail
rPois   ∞          Reflect  .    k - +1 helmet
rElec   +          Harm     .    v - +2 cloak {rCorr}
rCorr   +          Rampage  .    (no gloves)
Will    +....      Clarity  +    (no boots) Stlth
                                 t - amulet of regeneration
HPRegen 1.12/turn                h - +6 ring of intelligence
MPRegen 0.12/turn                j - ring of willpower

@: flying, hasted, very quick
A: sickness immunity, AC +7, negative energy resistance 1, electricity
resistance, torment resistance 1, petrification resistance, thin skeletal
structure 1, clarity
a: no special abilities


You were on level 6 of the Dungeon.
You visited 2 branches of the dungeon, and saw 7 of its levels.
You also visited: Ossuary.

You collected 310 gold pieces.

Inventory:

Hand Weapons
 a - a +0 flail of flaming
 g - a +3 dagger of protection
 l - a +3 flail
 u - a +4 mace (weapon)
Armour
 c - a +0 buckler (worn)
 k - a +1 helmet (worn)
 s - a +0 chain mail (worn)
 v - a +2 cloak of preservation (worn)
Jewellery
 h - a +6 ring of intelligence (left hand)
 j - a ring of willpower (right hand)
 r - a +6 ring of intelligence
 t - an amulet of regeneration (around neck)
Wands
 q - a wand of iceblast (7)
Scrolls
 e - 2 scrolls of teleportation
 m - a scroll of summoning
 y - a scroll of amnesia
 z - 4 scrolls of enchant weapon
 A - a scroll of enchant armour
Potions
 d - a potion of flight
 f - 2 potions of attraction
 i - a potion of mutation
 o - a potion of lignification {unknown}
 p - a potion of heal wounds
 x - a potion of magic
 B - a potion of curing


   Skills:
 + Level 13.2 Fighting
 + Level 4.6 Maces & Flails
 + Level 5.7 Armour
 + Level 5.6 Shields


You had 9 spell levels left.
You didn't know any spells.
Your spell library contained the following spells:

 Spells                   Type           Power      Damage    Failure   Level
 Beastly Appendage        Tmut           0%         N/A       92%         1
 Freeze                   Ice            0%         1d3       92%         1
 Wereblood                Tmut           0%         N/A       98%         2
 Frozen Ramparts          Ice            0%         1d1       100%        3
 Hailstorm                Conj/Ice       0%         3d3       100%        3
 Spider Form              Tmut/Pois      0%         N/A       100%        3
 Alistair's Intoxication  Tmut/Pois      0%         N/A       100%        5
 Borgnjor's Vile Clutch   Necr/Erth      0%         N/A       100%        5
 Eringya's Noxious Bog    Tmut/Pois      0%         N/A       100%        6
 Summon Hydra             Summ           0%         N/A       100%        7
 Sublimation of Blood     Necr           Unusable   N/A       N/A         2

Dungeon Overview and Level Annotations

Branches:
Dungeon (6/15)             Temple (1/1) D:5         Ossuary (visited)

Altars:
Ashenzari
Cheibriados
Elyvilon
Gozag
Hepliaklqana
Kikubaaqudgha
Makhleb
Nemelex Xobeh
Ru
Sif Muna
Trog
Uskayaw
Wu Jian
Xom
Yredelemnul
The Shining One

Shops:
D:3 !!

Annotations:
D:5 1 runed translucent door


Innate Abilities, Weirdness & Mutations

You are immune to sickness and miasma.
Your stone body is resilient. (AC +7)
You are immune to poison.
You resist negative energy. (rN+)
You are resistant to electric shocks. (rElec)
You are resistant to unholy torment.
You are immune to petrification.
You have a somewhat thin skeletal structure. (Dex +2, Stealth+)
You possess an exceptional clarity of mind.


Message History

The gnoll sergeant is moderately wounded.
The gnoll hits you but does no damage. You block the gnoll sergeant's attack.
The gnoll sergeant blocks your attack.
The gnoll sergeant is moderately wounded.
You hit the gnoll sergeant.
The gnoll sergeant is moderately wounded.
The gnoll barely misses you. You block the gnoll sergeant's attack.
You sock the gnoll sergeant!
The gnoll sergeant is severely wounded.
You block the gnoll's attack. The gnoll sergeant barely misses you.
The gnoll sergeant blocks your attack.
The gnoll sergeant is severely wounded.
You block the gnoll's attack.
The gnoll sergeant hits you with a +0 spear of distortion.
Space warps around you. The gnoll sergeant blocks your attack.
The gnoll sergeant is severely wounded.
The gnoll hits you from afar with a +0 halberd.
* * * LOW HITPOINT WARNING * * *
The gnoll sergeant hits you but does no damage.
Space warps horribly around you!
* * * LOW HITPOINT WARNING * * *
The gnoll sergeant blocks your attack.
The gnoll sergeant is severely wounded.
You block the gnoll's attack.
The gnoll sergeant hits you but does no damage.
Space warps around you.
* * * LOW HITPOINT WARNING * * *
You hit the gnoll sergeant.
The gnoll sergeant is severely wounded.
You block the gnoll's attack.
The gnoll sergeant hits you but does no damage.
The gnoll sergeant blocks your attack.
The gnoll sergeant is severely wounded.
You hit the gnoll sergeant but do no damage.
The gnoll sergeant is severely wounded.
The gnoll hits you from afar with a +0 halberd!
* * * LOW HITPOINT WARNING * * *
The gnoll sergeant hits you with a +0 spear of distortion.
You die...

#### ## .... ##.
#..#.#####...
#......<.....
#####.###### #.# #@#
#g# ### #g# ..# #g#
#.# #.# #.# ##.##
#.###...#
#.#######.##.###...#
.............#
.g....


You could see a gnoll sergeant and 2 gnolls.

Vanquished Creatures
  The ghost of Mgcat the Covered, a novice AtFi (D:5)
  Eustachio (D:6)
  A black bear (D:4)
  5 hornet zombies
  3 ogres (D:5)
  A gnoll sergeant (D:5)
  A bullfrog (D:6)
  3 necrophages
  3 water moccasin zombies (Ossuary)
  3 scorpions
  2 wights (D:5)
  7 centaur zombies
  A human zombie (D:5)
  11 bullfrog zombies
  3 jellies
  A hound (D:5)
  5 iguanas
  A scorpion zombie (D:5)
  Ijyb (D:3)
  Natasha (D:3)
  A killer bee zombie (Ossuary)
  2 hound zombies (D:5)
  10 mummies
  A howler monkey zombie (Ossuary)
  8 gnolls
  6 adders
  A shadow imp (D:5)
  2 white imps (D:6)
  A worm (D:3)
  3 dart slugs
  7 orcs
  2 bats
  6 endoplasms
  5 giant cockroaches
  12 goblins
  10 hobgoblins
  6 jackals (D:1)
  9 kobolds
  7 quokkas
  8 ball pythons
  5 frilled lizards
  4 rats
  A butterfly (D:5)
172 creatures vanquished.

Vanquished Creatures (others)
  7 withered plants (Ossuary)
7 creatures vanquished.

Grand Total: 179 creatures vanquished

Notes
Turn   | Place    | Note
-------+----------+-------------------------------------------
     0 | D:1      | vineage the Gargoyle Fighter began the quest for the Orb.
     0 | D:1      | Reached XP level 1. HP: 14/14 MP: 1/1
   124 | D:1      | Reached XP level 2. HP: 20/20 MP: 2/2
   256 | D:1      | Reached skill level 4 in Fighting
   620 | D:1      | Reached XP level 3. HP: 18/24 MP: 3/3
  1210 | D:2      | Reached skill level 5 in Fighting
  1261 | D:2      | Reached XP level 4. HP: 26/31 MP: 4/4
  1342 | D:2      | Found a hazy altar of Hepliaklqana.
  1606 | D:2      | Found a faded altar of an unknown god.
  1620 | D:2      | Gained mutation: You possess an exceptional clarity of
                  | mind. [potion of mutation]
  1620 | D:2      | Gained mutation: You have a somewhat thin skeletal
                  | structure. (Dex +2, Stealth+) [potion of mutation]
  1684 | D:3      | Found the +6 lightning scales {swift, rElec}
  1768 | D:3      | Found Cined's Distillery.
  2121 | D:3      | Noticed a scorpion
  2138 | D:3      | Killed a scorpion
  2139 | D:3      | Reached skill level 6 in Fighting
  2139 | D:3      | Reached XP level 5. HP: 36/37 MP: 5/5
  2165 | D:3      | Found a burning altar of Makhleb.
  2350 | D:3      | Noticed Ijyb
  2434 | D:3      | Killed Ijyb
  2519 | D:3      | Reached skill level 7 in Fighting
  2555 | D:3      | Found Xafiopn's Distillery.
  2636 | D:3      | Noticed Natasha
  2660 | D:3      | Killed Natasha
  2661 | D:3      | Reached XP level 6. HP: 34/44 MP: 6/6
  3477 | D:4      | Found a sand-covered staircase.
  3500 | Ossuary  | Entered an ossuary
  3564 | Ossuary  | Reached skill level 8 in Fighting
  3594 | Ossuary  | Reached XP level 7. HP: 23/50 MP: 7/7
  3600 | Ossuary  | Reached skill level 9 in Fighting
  3686 | Ossuary  | Reached skill level 10 in Fighting
  3854 | Ossuary  | Reached XP level 8. HP: 13/57 MP: 8/8
  4339 | Ossuary  | Reached skill level 11 in Fighting
  4602 | Ossuary  | Found the amulet of Elemental Vulnerability {rPois rF--
                  | rC-- AC+8}
  4845 | D:4      | Reached skill level 12 in Fighting
  5038 | D:4      | Found a shimmering altar of Xom.
  5131 | D:4      | Reached XP level 9. HP: 60/66 MP: 9/9
  5506 | D:5      | Entered Level 5 of the Dungeon
  5509 | D:5      | Found a sacrificial altar of Ru.
  5707 | D:5      | Found a staircase to the Ecumenical Temple.
  5727 | Temple   | Entered the Ecumenical Temple
  5908 | D:5      | Found a broken altar of Ashenzari.
  6310 | D:5      | Found a runed translucent door.
  6310 | D:5      | Noticed Mgcat's ghost (novice AtFi)
  6337 | D:5      | Killed Mgcat's ghost
  6349 | D:5      | Found a runed translucent door.
  6578 | D:5      | Reached skill level 13 in Fighting
  6587 | D:5      | Reached skill level 5 in Armour
  6594 | D:5      | Reached skill level 5 in Shields
  6639 | D:5      | Found an ancient bone altar of Kikubaaqudgha.
  6792 | D:6      | Noticed Eustachio
  6826 | D:6      | Killed Eustachio
  6827 | D:6      | Reached XP level 10. HP: 73/73 MP: 10/10
  6938 | D:6      | Slain by a gnoll sergeant

Illustrated notes

Levels and vault maps discovered:
D:1:      elethiomel_arrival_quiet, layout_loops_corners, serial_bayou_ford_a,
          minmay_misc_feat_nine_boxes, chequers_serial_rivers_micro_a,
          nrook_loot_triangle, minmay_unequal
D:2:      layout_rooms, basic_altar,
          dreamdust_ecumenical_altar_hidden_monk_grotto
D:3:      layout_basic, nicolae_qazlal_general_emergency, marbit_many_paths,
          serial_shops, shop, shop_coins, uniq_ijyb, uniq_natasha
D:4:      layout_loops_ring, nicolae_overflow_hidden_temple,
          gup_ossuary_entry_pyramid
D:5:      layout_rooms, kennysheep_mini, kennysheep_mini_moat,
          lemuel_mausoleum_altar_kikubaaqudgha, minmay_temple_entry_butterflies,
          ebering_ghost_sewer_f, minmay_ogre_servants
D:6:      layout_loops_ring, uniq_maggie, uniq_eustachio
Temple:   cyrus_temple_forest

Skill      XL: |  1  2  3  4  5  6  7  8  9 |
---------------+----------------------------+-----
Fighting       | 4 5 6 7 8 10 12 13 | 13.2
Armour         | 5 |  5.7
Shields        | 5 |  5.6
Maces & Flails | 4 |  4.6

Action                     |  1- 3 |  4- 6 |  7- 9 | 10-12 || total
---------------------------+-------+-------+-------+-------++-------
  Melee: Flail             |    11 |       |   183 |       ||   194
         Dagger            |   205 |   345 |   552 |       ||  1102
         Mace              |       |       |    32 |    31 ||    63
    Use: Scroll            |       |    11 |     6 |     2 ||    19
         Potion            |       |     4 |     3 |     3 ||    10
 Armour: Scale mail        |   130 |   191 |   359 |       ||   680
         Chain mail        |       |       |   227 |    22 ||   249
  Dodge: Dodged            |   128 |   133 |   343 |    14 ||   618
  Block: Buckler           |    45 |    63 |   147 |    15 ||   270

Table legend: (Time is in decaauts)
 A = Elapsed time spent in this place.
 B = Non-inter-level travel time spent in this place.
 C = Inter-level travel time spent in this place.
 D = Time resting spent in this place.
 E = Time spent auto-exploring this place.
 F = Levels seen in this place.
 G = Mean time per level.
                   A        B        C        D        E       F      G
               +--------+--------+--------+--------+--------+-----+--------+
         Total |   7046 |   6151 |    895 |    835 |   3329 |   8 |  880.8 |
       Dungeon |   5615 |   4760 |    855 |    229 |   3072 |   6 |  935.8 |
        Temple |    117 |     77 |     40 |      0 |     71 |   1 |  117.0 |
       Ossuary |   1313 |   1313 |      0 |    606 |    186 |   1 | 1313.0 |
               +--------+--------+--------+--------+--------+-----+--------+

Top non-repeatable levels by time:
     D:3: 1687 daAuts
 Ossuary: 1313 daAuts
     D:5: 1179 daAuts
     D:1: 1168 daAuts
     D:4: 870 daAuts
     D:2: 516 daAuts
     D:6: 192 daAuts
  Temple: 117 daAuts
